Map: Sludge City

Players

Tenonee

  • Race: Zerg Zerg
  • League: Diamond
  • Spawn Location: 11:00

HyperBolic

  • Race: Protoss Protoss
  • League: Diamond
  • Spawn Location: 9:00

peterpan - Winner!

  • Race: Terran Terran
  • League: Silver
  • Spawn Location: 5:00

Falken - Winner!

  • Race: Terran Terran
  • League: Master
  • Spawn Location: 5:00

VOD

Have the link to the VOD?

Description

Time

  • Played on: July 27, 2016, 3:13 a.m.
  • Length: 17:22
Show
View Real Time Build Order
Export as new Build Order

Tenonee Zerg 

Build Orders: Hatch First 

Get SALT Encoding   

  12  0:02  Drone  
  13  0:15  Overlord  
  13  0:19  Drone  
  14  0:34  Drone x2  
  16  0:41  Drone  
  17  0:49  Drone  
  18  0:57  Hatchery  
  18  1:02  Drone  
  18  1:04  Extractor  
  17  1:16  Spawning Pool  
  16  1:24  Drone x2  
  18  1:32  Overlord  
  18  1:48  Drone  
  19  2:04  Metabolic Boost  
  19  2:10  Queen x2  
  23  2:17  Zergling x4  
  25  2:28  Drone x2  
  27  2:50  Queen x2  
  31  3:07  Drone x3  
  31  3:08  Overlord  
  34  3:14  Roach Warren  
  33  3:36  Zergling x8  
  33  3:40  Drone x2  
  33  3:41  Drone x4  
  43  3:55  Drone  
  44  3:57  Overlord x2  
  44  4:14  Lair  
  44  4:16  Extractor  
  43  4:18  Extractor  
  43  4:19  Extractor  
  41  4:25  Hatchery  
  39  4:40  Drone x2  
  39  4:41  Drone x3  
  39  4:42  Drone x2  
  39  4:43  Drone x3  
  49  4:51  Evolution Chamber  
  48  4:57  Drone  
  48  4:58  Drone x4  
  53  5:02  Spore Crawler  
  53  5:03  Spore Crawler  
  50  5:25  Zerg Ground Armor Level 1  
  50  5:27  Spore Crawler  
  48  5:32  Roach  
  48  5:33  Roach x5  
  58  5:41  Overlord  
  58  5:42  Overlord  
  58  5:43  Roach x3  
  58  5:44  Roach  
  66  5:53  Glial Reconstitution  
  66  5:55  Overlord  
  66  6:08  Roach x3  
  71  6:13  Zergling x2  
  71  6:15  Hatchery  
  71  6:18  Ravager x5  
  75  6:19  Ravager x2  
  75  6:24  Drone  
  79  6:26  Drone x3  
  82  6:44  Roach  
  83  6:47  Overlord x2  
  78  7:18  Drone  
  78  7:19  Drone x4  
  84  7:22  Zergling x2  
  84  7:23  Overlord x2  
  84  7:35  Overlord x2  
  84  7:38  Spire, Roach x7  
  97  7:47  Overseer  
  97  7:59  Roach x4  
  105  8:11  Roach x4  
  105  8:12  Roach x2  
  101  8:35  Drone x7  
  101  8:36  Drone  
  109  8:50  Ravager x2  
  109  8:51  Ravager  
  109  8:52  Drone  
  109  8:53  Drone x3  
  116  8:57  Mutalisk x9  
  116  9:01  Overseer  
  115  9:34  Drone  
  115  9:35  Drone x8  
  112  9:53  Queen x3  
  118  10:00  Zergling x2  
  118  10:01  Zergling x2  
  118  10:06  Overlord x2  
  120  10:07  Overlord  
  120  10:15  Extractor  
  120  10:20  Extractor  
  118  10:31  Roach x4  
  118  10:32  Roach x5  
  136  10:43  Zergling x2  
  111  11:03  Roach x5  
  112  11:09  Roach  
  112  11:10  Roach x4  
  112  11:23  Zerg Ground Armor Level 2  
  112  11:29  Infestation Pit  
  112  11:31  Evolution Chamber  
  110  11:33  Drone x3  
  113  11:44  Ravager x2  
  113  11:45  Ravager x4  
  119  11:48  Hatchery  
  118  11:59  Drone x2  
  120  12:04  Pneumatized Carapace  
  120  12:10  Zerg Melee Weapons Level 1  
  120  12:35  Roach x5  
  129  12:37  Overlord  
  129  12:38  Overlord x2  
  129  13:10  Hive  
  129  13:11  Spire  
  128  13:21  Drone  
  128  13:22  Drone x8  
  110  14:03  Hatchery  
  109  14:24  Mutalisk x4  
  109  14:25  Mutalisk x3  
  109  14:27  Ultralisk Cavern  
  120  15:20  Chitinous Plating  
  120  15:25  Ultralisk x2  
  99  15:39  Ultralisk  
  88  15:58  Ultralisk  
  88  15:59  Ultralisk x2  
  98  16:14  Ultralisk x2  
Show
View Real Time Build Order
Export as new Build Order

HyperBolic Protoss 

Build Orders: Oracle Opening 

Get SALT Encoding   

  12  0:01  Probe (Chrono Boost)  
  13  0:12  Probe (Chrono Boost)  
  14  0:17  Pylon  
  14  0:20  Pylon  
  14  0:24  Probe (Chrono Boost)  
  15  0:38  Probe (Chrono Boost)  
  15  0:40  Gateway  
  16  0:49  Assimilator  
  17  0:50  Probe (Chrono Boost)  
  17  1:00  Probe (Chrono Boost)  
  18  1:06  Assimilator  
  18  1:11  Probe (Chrono Boost)  
  19  1:18  Gateway  
  19  1:21  Probe (Chrono Boost)  
  20  1:27  Cybernetics Core  
  20  1:32  Probe (Chrono Boost)  
  21  1:42  Probe (Chrono Boost)  
  22  1:53  Pylon  
  22  1:55  Probe (Chrono Boost)  
  23  2:07  Stargate  
  23  2:08  Warp Gate  
  23  2:15  Mothership Core (Chrono Boost)  
  25  2:44  Nexus  
  25  2:46  Oracle  
  25  2:47  Probe (Chrono Boost)  
  30  2:59  Probe (Chrono Boost)  
  30  3:07  Pylon  
  30  3:11  Probe (Chrono Boost)  
  32  3:27  Probe (Chrono Boost)  
  32  3:28  Adept x2  
  36  3:46  Probe (Chrono Boost)  
  37  3:55  Void Ray  
  41  4:09  Probe (Chrono Boost)  
  43  4:10  Probe (Chrono Boost)  
  43  4:20  Probe (Chrono Boost)  
  43  4:21  Probe (Chrono Boost), Adept x2  
  49  4:28  Stargate  
  49  4:31  Pylon  
  47  4:40  Probe (Chrono Boost)  
  47  4:41  Probe (Chrono Boost)  
  39  5:16  Probe (Chrono Boost)  
  39  5:17  Probe (Chrono Boost)  
  38  5:29  Void Ray x2  
  46  5:39  Assimilator  
  46  5:40  Probe x2 (Chrono Boost)  
  46  5:41  Assimilator  
  48  5:49  Adept x2  
  48  6:10  Adept x2  
  53  6:11  Probe x2 (Chrono Boost)  
  54  6:25  Probe x2 (Chrono Boost)  
  56  6:28  Fleet Beacon  
  56  6:35  Probe x2 (Chrono Boost)  
  58  6:50  Probe x2 (Chrono Boost)  
  58  6:51  Adept  
  62  6:55  Pylon  
  62  6:56  Pylon  
  62  7:18  Carrier  
  62  7:22  Probe x2 (Chrono Boost)  
  58  7:38  Adept x2  
  58  7:40  Carrier  
  68  7:47  Pylon  
  68  7:48  Probe x2 (Chrono Boost)  
  68  8:16  Stalker x2  
  56  9:09  Carrier x2  
  65  9:22  Probe (Chrono Boost)  
  57  9:45  Probe (Chrono Boost)  
  58  10:01  Probe x2 (Chrono Boost)  
  58  10:29  Void Ray x2  
  66  10:40  Probe x2 (Chrono Boost)  
  36  11:25  Stalker x2  
  40  11:35  Carrier  
  40  11:37  Probe x2 (Chrono Boost)  
  42  11:44  Nexus  
  42  11:53  Graviton Catapult  
  49  12:03  Probe x2 (Chrono Boost)  
  50  12:37  Carrier  
  50  12:40  Stalker x2  
  61  12:53  Probe x2 (Chrono Boost)  
  62  13:05  Probe (Chrono Boost)  
  65  13:06  Probe x2 (Chrono Boost)  
  65  13:08  Carrier  
  65  13:24  Probe (Chrono Boost)  
  65  13:25  Probe x2 (Chrono Boost)  
  65  13:27  Assimilator  
  74  13:30  Assimilator  
  64  13:42  Protoss Air Weapons Level 1  
  56  13:55  Stalker x2  
  60  14:08  Probe x3 (Chrono Boost)  
  63  14:12  Carrier  
  63  14:20  Pylon, Assimilator  
  69  14:29  Probe x3 (Chrono Boost)  
  72  14:44  Stalker x2  
  61  15:11  Stalker x2  
Show
View Real Time Build Order
Export as new Build Order

peterpan Terran - Winner!

Build Orders: Hellion Banshee 

Get SALT Encoding   

  12  0:01  SCV  
  13  0:13  SCV  
  14  0:20  Supply Depot  
  14  0:25  SCV  
  15  0:30  Refinery  
  15  0:42  SCV  
  16  0:50  Barracks  
  16  0:54  SCV  
  17  1:02  Refinery  
  17  1:08  SCV  
  18  1:20  SCV  
  19  1:33  SCV  
  20  1:43  Factory  
  20  1:44  Barracks Reactor  
  20  1:45  SCV  
  21  1:49  Engineering Bay  
  21  1:57  SCV  
  22  2:04  Engineering Bay  
  22  2:11  SCV  
  23  2:18  Supply Depot  
  23  2:39  Starport  
  23  2:40  Hellion x2  
  27  2:48  Barracks Tech Lab  
  26  2:53  Engineering Bay  
  26  2:59  Orbital Command  
  26  3:07  Hellion  
  28  3:23  Banshee  
  28  3:25  Cloaking Field  
  31  3:27  Missile Turret  
  29  3:42  Hellion  
  29  3:47  Hellion  
  33  3:59  Barracks Tech Lab  
  33  4:01  Factory  
  33  4:03  Hellion  
  35  4:24  Command Center  
  27  5:08  Hellion x2  
  29  5:19  Missile Turret  
  29  5:28  SCV  
  26  5:29  Hellion x2  
  26  5:34  Starport Tech Lab  
  30  5:38  Refinery  
  30  5:40  SCV  
  30  5:41  Orbital Command  
  31  5:54  Refinery  
  31  6:01  Banshee  
  34  6:09  Factory Tech Lab  
  34  6:10  SCV  
  35  6:13  SCV  
  36  6:22  SCV  
  36  6:25  Marine x2, SCV  
  40  6:34  SCV  
  40  6:37  SCV  
  42  6:47  SCV  
  43  6:49  SCV  
  44  6:59  SCV  
  46  7:01  SCV  
  44  7:11  SCV  
  44  7:13  SCV  
  44  7:14  Marine x2  
  42  7:22  Missile Turret  
  40  7:23  SCV  
  40  7:24  Missile Turret  
  40  7:25  SCV  
  42  7:39  SCV  
  42  7:44  Supply Depot  
  43  7:51  SCV  
  39  8:23  SCV  
  40  8:28  Viking x2  
  42  8:35  SCV  
  43  8:51  Siege Tank  
  43  8:52  Siege Tank  
  47  9:20  Command Center  
  47  9:27  Command Center  
  44  9:38  Viking x2  
  48  9:46  Siege Tank x2  
  48  9:48  SCV  
  48  9:50  Barracks Reactor  
  55  9:58  Supply Depot  
  55  9:59  Missile Turret  
  55  10:00  SCV  
  56  10:08  Viking x2  
  56  10:12  SCV  
  61  10:22  Missile Turret  
  61  10:24  SCV  
  61  10:28  Marine x2  
  64  10:31  Siege Tank x2  
  70  10:38  Viking x2  
  70  10:40  Command Center  
  74  10:43  Orbital Command  
  74  10:45  Missile Turret, Marine  
  74  10:46  Marine  
  65  11:24  Siege Tank x2  
  65  11:25  Viking x2  
  73  11:27  Marine x2  
  73  11:32  SCV  
  78  11:43  SCV  
  79  11:55  SCV  
  80  12:11  Missile Turret  
  80  12:15  Starport  
  80  12:17  Supply Depot  
  80  12:31  Missile Turret  
  80  12:42  Missile Turret  
  80  13:03  Missile Turret  
  80  13:39  Liberator x3  
  50  13:55  Liberator  
  42  13:58  Planetary Fortress  
  51  14:13  Siege Tank x2  
  60  14:17  Barracks  
  60  14:22  Liberator x2  
  60  14:23  Planetary Fortress  
  60  14:28  Liberator  
  60  14:36  Supply Depot  
  60  14:38  Liberator, Starport  
  72  15:04  Liberator  
  72  15:05  Liberator  
  72  15:16  SCV  
  72  15:18  Refinery  
  72  15:19  SCV, Refinery  
  74  15:21  SCV  
  74  15:28  SCV  
  82  15:31  SCV  
  82  15:33  SCV  
  84  15:40  SCV  
  82  15:43  SCV  
  82  15:45  SCV  
  78  15:52  SCV  
  78  15:55  SCV  
  80  15:59  Refinery  
  80  16:00  Refinery  
  80  16:04  SCV  
  81  16:05  Supply Depot  
  81  16:06  Command Center  
  81  16:07  SCV  
  82  16:16  SCV  
  83  16:19  SCV  
  84  16:28  SCV  
  84  16:32  SCV  
  86  16:40  SCV  
  86  16:44  SCV  
  94  17:04  Supply Depot  
  94  17:06  Starport Reactor  
Show
View Real Time Build Order
Export as new Build Order

Falken Terran - Winner!

Build Orders: MMM Bio 

Get SALT Encoding   

  12  0:01  SCV  
  13  0:13  SCV  
  14  0:18  Supply Depot  
  14  0:25  SCV  
  15  0:39  SCV  
  16  0:43  Barracks  
  16  0:51  SCV  
  17  1:03  SCV  
  18  1:16  SCV  
  19  1:21  Command Center  
  19  1:28  SCV  
  20  1:33  Barracks  
  20  1:36  Marine  
  21  1:45  Orbital Command  
  21  1:54  Marine  
  22  2:11  SCV  
  22  2:14  Barracks  
  23  2:23  Bunker  
  23  2:32  Marine x2, Orbital Command  
  23  2:35  Refinery  
  23  2:36  Refinery  
  25  2:40  Supply Depot  
  25  2:47  SCV  
  25  2:50  Marine  
  27  2:51  Marine  
  28  3:02  SCV  
  28  3:03  Marine  
  30  3:08  Engineering Bay  
  30  3:09  Marine  
  30  3:11  Barracks Tech Lab  
  31  3:13  SCV  
  31  3:14  SCV  
  33  3:22  Marine  
  34  3:31  Marauder  
  34  3:33  SCV  
  37  3:36  Barracks Reactor  
  37  3:38  Missile Turret  
  37  3:39  Stimpack  
  37  3:40  SCV  
  38  3:45  Supply Depot, SCV  
  39  3:52  SCV  
  39  3:53  Missile Turret  
  39  3:54  Barracks Reactor, Marauder  
  42  3:57  SCV  
  39  4:09  SCV x2  
  41  4:18  Marine x2, Marauder  
  41  4:21  SCV x2  
  47  4:26  Factory  
  47  4:32  Marine x2  
  47  4:33  SCV x2  
  47  4:35  Marine  
  47  4:36  Marine  
  53  4:44  Supply Depot  
  53  4:45  Supply Depot  
  53  4:47  Terran Infantry Weapons Level 1  
  53  4:50  Marine  
  54  5:06  Supply Depot, Marauder, Marine x2, SCV x2  
  60  5:08  Supply Depot  
  60  5:10  Starport  
  60  5:11  Factory Reactor  
  60  5:15  Refinery  
  60  5:17  Refinery  
  60  5:18  SCV x2  
  62  5:25  Marine x2  
  62  5:28  Marauder  
  66  5:30  SCV x2  
  66  5:33  Supply Depot  
  68  5:36  Barracks  
  68  5:42  SCV  
  69  5:49  Marine, Marauder  
  70  5:50  Marine  
  70  5:57  SCV x2  
  73  6:07  Medivac x2  
  73  6:09  SCV x2  
  73  6:10  Factory Reactor, Marauder  
  81  6:17  Barracks  
  81  6:18  Barracks  
  81  6:21  Supply Depot  
  81  6:22  SCV x2  
  83  6:26  Barracks Reactor  
  83  6:28  Marine  
  83  6:29  Supply Depot, Marine  
  83  6:30  Supply Depot, Combat Shields  
  83  6:32  Marauder  
  87  6:38  Supply Depot  
  87  6:42  Medivac  
  87  6:43  Medivac  
  91  6:53  Supply Depot, Marauder  
  93  6:55  Supply Depot  
  93  6:56  Factory Tech Lab, SCV  
  93  7:00  Terran Infantry Armor Level 1  
  94  7:04  Supply Depot  
  94  7:05  Supply Depot  
  94  7:07  SCV  
  95  7:15  Marauder  
  97  7:20  Liberator  
  97  7:21  Liberator  
  97  7:33  Marine x6  
  97  7:34  Marine x2  
  97  7:35  Marine  
  106  7:40  Marine  
  113  7:50  Supply Depot  
  113  7:51  Marine x8  
  114  7:53  Marine  
  114  7:54  Supply Depot  
  114  7:57  Marine  
  123  8:02  Supply Depot  
  123  8:08  Marine  
  123  8:09  Marine x7  
  123  8:12  Marauder  
  133  8:16  Marauder  
  122  8:26  Marine  
  114  8:33  Marauder  
  108  8:37  Marauder  
  110  8:51  Marine x2  
  110  8:54  Marauder  
  114  8:59  Marauder  
  114  9:00  Marine x2  
  114  9:01  Marine x2  
  120  9:06  Supply Depot  
  120  9:09  Command Center  
  118  9:16  Marauder  
  118  9:17  Marine x2  
  118  9:20  Marauder  
  115  9:35  Liberator x2  
  115  9:37  Marauder  
  110  9:41  Marauder  
  90  9:48  SCV x2  
  96  9:56  Widow Mine  
  96  9:58  Marauder  
  98  10:03  Marauder  
  100  10:17  Liberator  
  100  10:18  Liberator  
  100  10:20  Marauder  
  102  10:24  Marauder  
  102  10:25  Widow Mine  
  102  10:27  Missile Turret  
  106  10:32  Marine  
  106  10:33  Marine x7  
  120  10:39  Orbital Command  
  120  10:41  Marauder  
  122  10:45  Marine  
  111  10:50  Marine  
  111  10:51  Marine x7  
  93  11:00  Liberator  
  93  11:03  Marine, Marauder  
  83  11:08  Marine x3  
  82  11:21  Marauder  
  86  11:28  Liberator  
  84  11:36  Orbital Command  
  84  11:39  Missile Turret  
  84  11:40  Missile Turret  
  84  11:43  Liberator  
  84  11:47  Marine x10, Orbital Command  
  97  11:55  Missile Turret  
  97  12:00  SCV  
  101  12:12  SCV  
  102  12:18  Missile Turret  
  102  12:19  Missile Turret  
  102  12:20  Marine x3, Marauder  
  107  12:23  SCV  
  107  12:24  SCV  
  107  12:25  SCV  
  107  12:28  Medivac  
  112  12:33  Marine  
  112  12:34  Marine x5  
  112  12:35  SCV  
  119  12:37  Marine  
  119  12:38  Marine  
  119  12:41  Liberator  
  119  12:42  Bunker  
  119  12:43  Medivac  
  123  12:49  SCV x3  
  126  12:53  Marine  
  126  12:54  Marine x4  
  126  12:56  Liberator  
  134  13:01  SCV x3  
  134  13:04  Widow Mine  
  139  13:07  Marine x3, Marauder x2  
  139  13:11  Marine  
  139  13:12  Marine  
  148  13:13  SCV x2  
  153  13:24  Liberator  
  153  13:39  Liberator  
  156  13:48  Marine x10  
  167  14:05  Marine  
  167  14:06  Liberator, Marine x9  
  174  14:15  Command Center  
  169  14:21  Liberator  
  169  14:22  Concussive Shells  
  169  14:23  Marine  
  169  14:24  Marine x9  
  173  14:26  Barracks  
  173  14:27  SCV x2  
  173  14:28  Barracks, Refinery  
  173  14:29  Barracks, Refinery  
  184  14:41  Marine x2  
  184  14:42  Marine x6, Marauder x2  
  191  14:59  Marine  
  172  15:00  Marine x4  
  172  15:04  Marauder x2  
  162  15:31  Refinery  
  162  15:33  Refinery  
  155  15:36  Marine x3  
  155  15:37  Marine, Marauder x2  
  155  15:58  Marauder x2  
  142  16:22  Marine x2  
  142  16:23  Marine x3, Marauder x2  
  142  16:24  Marine x3  
  154  16:32  Planetary Fortress  
  148  16:40  Command Center, Marine x3  
  148  16:41  Marine x2  
  148  16:42  Marine x3  
  148  16:43  Marine  
  148  16:44  Marine x2, Marauder x2  
  155  16:58  Marine x3  
  155  16:59  Marine x2  
  155  17:00  Marine x3  
  163  17:01  Marine  
  163  17:02  Marine x2  
Tags
 
Add a new tag
Caveats
  • Supply blocks, unpowered buildings, or Contaminate may cause inaccurate times.
  • Supply counts are checked every 10 seconds.